Map: [ESL] Cosmic Sapphire

Players

Lambo - Winner!

  • Race: Zerg Zerg
  • Spawn Location: 11:00

herO

  • Race: Protoss Protoss
  • Spawn Location: 5:00

Event: DreamHack SC2 Masters 2022 Valencia

VOD

Have the link to the VOD?

Description

Time

  • Played on: July 2, 2022, 12:20 p.m.
  • Length: 9:06

All games in this series

Show
View Real Time Build Order
Export as new Build Order

Lambo Zerg - Winner!

Build Orders: Hatch First 

Get SALT Encoding   

  12  0:00  Drone  
  13  0:12  Overlord  
  13  0:19  Drone  
  14  0:30  Drone x2  
  16  0:48  Hatchery  
  15  0:51  Drone  
  15  0:54  Drone  
  17  0:57  Drone  
  18  1:08  Extractor  
  17  1:12  Spawning Pool  
  17  1:16  Drone  
  17  1:18  Drone  
  18  1:27  Drone  
  19  1:38  Drone  
  20  1:51  Overlord  
  20  2:00  Queen x2  
  24  2:01  Drone  
  24  2:02  Zergling x2  
  26  2:12  Metabolic Boost, Zergling x2  
  26  2:13  Drone  
  28  2:22  Drone x2  
  30  2:35  Zergling x4  
  32  2:40  Hatchery  
  32  2:43  Queen  
  33  2:49  Overlord  
  33  2:54  Zergling x4  
  33  2:57  Evolution Chamber  
  34  3:02  Overlord  
  35  3:06  Drone  
  35  3:18  Drone x5  
  40  3:22  Drone  
  42  3:27  Drone  
  42  3:36  Drone x2  
  42  3:40  Queen  
  46  3:41  Queen  
  46  3:47  Drone x2  
  50  3:55  Drone x6  
  54  3:57  Drone  
  53  4:06  Zergling x6  
  55  4:12  Overlord  
  55  4:14  Overlord  
  55  4:15  Roach Warren  
  53  4:20  Zergling x2  
  54  4:25  Zergling x6  
  57  4:32  Zergling x12  
  57  4:36  Zergling x2  
  57  4:37  Zergling x2  
  65  4:40  Overlord  
  65  4:43  Extractor  
  65  4:44  Extractor  
  63  4:46  Overlord  
  63  4:55  Zergling x2  
  63  4:56  Zergling x8  
  68  5:01  Roach x5  
  75  5:10  Zergling x10  
  79  5:21  Zergling x6  
  73  5:24  Zergling x6  
  71  5:31  Zergling x6  
  72  5:39  Roach  
  74  5:43  Roach x2  
  74  5:46  Zergling x4  
  80  5:52  Zergling x6  
  83  5:57  Zergling x2  
  83  6:00  Zergling x2  
  83  6:02  Spore Crawler  
  83  6:03  Spore Crawler  
  82  6:04  Spore Crawler  
  79  6:14  Lair  
  79  6:18  Spore Crawler, Drone  
  73  6:22  Drone  
  72  6:29  Drone x2  
  68  7:02  Zergling x28  
  68  7:07  Zergling x4  
  68  7:08  Zergling x2  
  84  7:17  Zergling x8  
  84  7:21  Ravager x4  
  88  7:26  Overseer  
  88  7:27  Zergling x2  
  87  7:35  Zergling x6  
  89  7:39  Ravager  
  89  7:42  Zergling x2  
  89  7:43  Zergling x6  
  88  7:49  Zergling x4  
  88  7:50  Overseer  
  74  8:01  Zergling x8  
  76  8:10  Zergling x6  
  76  8:12  Zergling x2  
  77  8:18  Zergling x4  
  77  8:19  Overseer  
  76  8:21  Zergling x2  
  76  8:24  Zergling x2  
  74  8:30  Zergling x4  
  71  8:36  Zergling x4  
Show
View Real Time Build Order
Export as new Build Order

herO Protoss 

Build Orders: Mass Adepts 

Get SALT Encoding   

  12  0:00  Probe  
  13  0:12  Probe  
  14  0:17  Pylon  
  14  0:24  Probe (Chrono Boost)  
  15  0:36  Probe (Chrono Boost)  
  15  0:38  Gateway  
  16  0:44  Probe (Chrono Boost)  
  16  0:47  Assimilator  
  17  0:50  Probe  
  18  0:59  Pylon  
  18  1:03  Probe  
  19  1:15  Probe  
  19  1:17  Gateway  
  20  1:27  Cybernetics Core  
  20  1:50  Nexus  
  20  2:03  Adept (Chrono Boost)  
  20  2:05  Adept (Chrono Boost)  
  20  2:08  Assimilator  
  24  2:11  Probe  
  24  2:14  Warp Gate  
  25  2:23  Stalker  
  25  2:28  Adept  
  29  2:32  Probe  
  30  2:40  Pylon  
  30  2:48  Probe  
  31  2:59  Twilight Council  
  31  3:00  Probe  
  31  3:03  Probe  
  33  3:10  Adept  
  33  3:11  Adept  
  37  3:19  Probe  
  34  3:21  Probe  
  35  3:29  Gateway  
  35  3:30  Resonating Glaives (Chrono Boost)  
  35  3:33  Probe x2  
  39  3:45  Probe x2  
  39  4:02  Adept  
  39  4:03  Probe x2, Adept  
  44  4:13  Pylon  
  44  4:18  Probe x2  
  44  4:23  Pylon  
  46  4:26  Adept x3  
  46  4:30  Pylon, Probe x2  
  54  4:35  Dark Shrine  
  54  4:46  Assimilator  
  54  4:47  Adept x2  
  54  4:48  Adept  
  59  4:53  Probe x2  
  59  4:57  Pylon  
  61  5:05  Probe x2  
  63  5:10  Adept x2  
  63  5:11  Adept  
  69  5:17  Probe x2  
  69  5:20  Pylon  
  63  5:29  Probe x2  
  55  5:42  Assimilator  
  57  5:45  Nexus  
  57  5:46  Pylon  
  57  5:49  Dark Templar  
  57  5:50  Dark Templar  
  57  5:52  Probe x2  
  61  6:00  Pylon  
  57  6:19  Dark Templar  
  57  6:21  Dark Templar  
  57  6:22  Probe  
  57  6:23  Probe, Zealot  
  57  6:24  Shield Battery  
  63  6:26  Forge  
  63  6:29  Gateway  
  63  6:31  Gateway  
  59  6:33  Gateway  
  59  6:43  Robotics Facility  
  59  6:51  Probe x2  
  59  6:56  Adept x3  
  63  7:04  Probe  
  63  7:05  Photon Cannon  
  62  7:09  Probe x2  
  62  7:12  Shield Battery  
  64  7:17  Adept x3  
  64  7:21  Photon Cannon  
  68  7:24  Probe x3  
  71  7:30  Immortal (Chrono Boost)  
  75  7:39  Stalker x2  
  75  7:42  Adept x2  
  81  7:44  Sentry  
  71  7:51  Adept  
  67  7:59  Immortal (Chrono Boost)  
  67  8:05  Adept x2  
  64  8:06  Sentry, Adept  
  64  8:12  Sentry, Adept  
  66  8:25  Adept x2  
  58  8:32  Adept x2  
  37  8:42  Adept x2  
  37  8:46  Adept x2  

Tags
 
Add a new tag
Caveats
  • Supply blocks, unpowered buildings, or Contaminate may cause inaccurate times.
  • Supply counts are checked every 10 seconds.